 Dungeon Crawl Stone Soup version 0.31-a0-819-gf6de2f5ab6 (console) character file.

Game seed: 7098228537695815185

1972021 elliptic the Conqueror (level 27, 249/249 HPs)
             Began as a Barachi Venom Mage on Sept 23, 2023.
             Was a High Priest of Okawaru.
             Escaped with the Orb
             ... and 3 runes on Sept 24, 2023!
             The game lasted 03:37:39 (50532 turns).

elliptic the Conqueror (Barachi Venom Mage)        Turns: 50532, Time: 03:37:40

Health: 249/249    AC: 20    Str: 11    XL:     27
Magic:  34/34      EV: 49    Int: 24    God:    Okawaru [*****.]
Gold:   5959       SH:  0    Dex: 35    Spells: 29/32 levels left

rFire   + + .        a - +11 triple xbow {penet, rCorr Str+2 Int+2, norare}
rCold   . . .        (shield currently unavailable)
rNeg    . . .        V - +2 robe "Xery" {rPois rF++, nodragon}
rPois   +            T - +2 helmet {SInv}
rElec   .            S - +2 cloak {Will+}
rCorr   +            U - +2 pair of gloves
SInv    +            P - +2 pair of boots
Will    +++..        X - amulet of regeneration
Stlth   +            D - +6 ring of dexterity
HPRegen 1.41/turn    k - +6 ring of dexterity
MPRegen 0.24/turn

%: no passive effects
@: hasted, studying 2 skills, very quick
A: amphibious, slowness 1, strong legs 2, +LOS, clever 1, noise suppression
0: Orb of Zot
}: 3/15 runes: serpentine, barnacled, silver
a: Hop, Renounce Religion, Heroism, Finesse, Duel


You escaped.
You worshipped Okawaru.
Okawaru was extremely pleased with you.
You visited 11 branches of the dungeon, and saw 51 of its levels.
You also visited: Ossuary and Ice Cave.

You collected 8215 gold pieces.
You spent 2256 gold pieces at shops.


Innate Abilities, Weirdness & Mutations

You are amphibious.
You cover ground slowly.
You can hop long distances.
You have an extended range of vision and can be seen from far away.
Your mind is acute. (Int +4, Str/Dex -1)
You passively dampen the noise of your surroundings.


   Skills:
 O Level 27 Fighting
 - Level 0.2 Maces & Flails
 + Level 26.3 Ranged Weapons
 - Level 17.0 Armour
 O Level 27 Dodging
 - Level 1.7 Stealth
 - Level 3.2 Spellcasting
 - Level 2.0 Conjurations
 - Level 2.1 Transmutations
 - Level 8.0 Air Magic
 - Level 4.0 Poison Magic
 - Level 15.0 Invocations


You had 29 spell levels left.
You knew the following spells:

 Your Spells              Type           Power      Damage    Failure   Level
s - Swiftness             Air            42%        N/A       1%          3

Your spell library contained the following spells:

 Spells                   Type           Power      Damage    Failure   Level
 Shock                    Conj/Air       100%       1d9       1%          1
 Poisonous Vapours        Pois/Air       64%        N/A       1%          2
 Sting                    Tmut/Pois      72%        1d6       3%          1
 Magic Dart               Conj           52%        1d5       4%          1
 Mephitic Cloud           Conj/Pois/Air  26%        N/A       4%          3
 Airstrike                Air            21%        2d(3-19)  4%          4
 Wereblood                Tmut           14%        N/A       6%          2
 Searing Ray              Conj           26%        2d5       7%          2
 Apportation              Tloc           6%         N/A       11%         1
 Necrotise                Necr           12%        1d4       11%         1
 Sandblast                Erth           6%         2d5       11%         1
 Slow                     Hex            12%        N/A       11%         1
 Passwall                 Tmut/Erth      7%         N/A       11%         2
 Ensorcelled Hibernation  Hex/Ice        6%         N/A       16%         2
 Jinxbite                 Hex            6%         N/A       16%         2
 Lesser Beckoning         Tloc           6%         N/A       16%         2
 Scorch                   Fire           6%         2d5       16%         2
 Sublimation of Blood     Necr           3%         N/A       16%         2
 Olgreb's Toxic Radiance  Pois           23%        N/A       21%         4
 Dazzling Flash           Conj/Hex       16%        N/A       22%         3
 Stone Arrow              Conj/Erth      16%        3d8       22%         3
 Confusing Touch          Hex            3%         N/A       32%         3
 Frozen Ramparts          Ice            6%         1d1       32%         3
 Gell's Gravitas          Tloc           3%         N/A       32%         3
 Inner Flame              Hex/Fire       3%         N/A       32%         3
 Sigil of Binding         Hex            3%         N/A       32%         3
 Teleport Other           Tloc           3%         N/A       32%         3
 Vampiric Draining        Necr           3%         2d6       32%         3
 Volatile Blastmotes      Fire/Tloc      6%         2d10      32%         3
 Silence                  Hex/Air        11%        N/A       50%         5
 Brom's Barrelling Bould  Conj/Erth      8%         2d3       56%         4
 Flame Wave               Conj/Fire      8%         2d5       56%         4
 Fulminant Prism          Conj/Hex       4%         3d5       56%         4
 Iskenderun's Mystic Bla  Conj/Tloc      8%         2d4       56%         4
 Petrify                  Tmut/Erth      9%         N/A       56%         4
 Sticky Flame             Conj/Fire      8%         2d3       56%         4
 Freezing Cloud           Conj/Ice/Air   9%         6-21      58%         5
 Anguish                  Hex/Necr       1%         N/A       71%         4
 Cause Fear               Hex            1%         N/A       71%         4
 Dimensional Bullseye     Hex/Tloc       1%         N/A       71%         4
 Leda's Liquefaction      Hex/Erth       1%         N/A       71%         4
 Manifold Assault         Tloc           3%         N/A       71%         4
 Irradiate                Conj/Tmut      6%         3d13      77%         5
 Iskenderun's Battlesphe  Conj           13%        2d7       78%         5
 Fireball                 Conj/Fire      4%         3d4       89%         5
 Conjure Ball Lightning   Conj/Air       13%        3x3d6     91%         6
 Agony                    Necr           3%         N/A       96%         5
 Borgnjor's Vile Clutch   Necr/Erth      1%         N/A       96%         5
 Lee's Rapid Deconstruct  Erth           1%         3d4*      96%         5
 Metabolic Englaciation   Hex/Ice        1%         N/A       96%         5
 Eringya's Noxious Bog    Tmut/Pois      9%         4d6       99%         6
 Bombard                  Conj/Erth      4%         9d2       100%        6
 Dispersal                Tloc           1%         N/A       100%        6
 Enfeeble                 Hex            1%         N/A       100%        7
 Orb of Destruction       Conj           6%         9d6       100%        7
 Borgnjor's Revivificati  Necr           1%         N/A       100%        8
 Discord                  Hex            1%         N/A       100%        8
 Disjunction              Tloc           1%         N/A       100%        8
 Ignition                 Fire           1%         3d3       100%        8
 Chain Lightning          Conj/Air       13%        3d18      100%        9
 Death's Door             Necr           1%         N/A       100%        9
 Fire Storm               Conj/Fire      4%         8d1       100%        9
 Shatter                  Erth           1%         3d6*      100%        9
 Summon Small Mammal      Summ           Unusable   N/A       N/A         1
 Summon Lightning Spire   Summ/Air       Unusable   N/A       N/A         4
 Call Canine Familiar     Summ           Unusable   N/A       N/A         3
 Animate Armour           Summ/Erth      Unusable   N/A       N/A         4
 Summon Forest            Summ/Tloc      Unusable   N/A       N/A         5
 Haunt                    Necr/Summ      Unusable   N/A       N/A         7
 Malign Gateway           Summ/Tloc      Unusable   N/A       N/A         7
 Spellforged Servitor     Conj/Summ      Unusable   N/A       N/A         7
 Summon Hydra             Summ           Unusable   N/A       N/A         7
 Summon Horrible Things   Summ           Unusable   N/A       N/A         8

Inventory:

Hand Weapons
 a - the +11 triple crossbow "Xeek" (weapon) {penet, rCorr Str+2 Int+2, norare}
   (Okawaru gifted it to you on level 1 of the Lair of Beasts)

   Str+2:     It affects your strength (+2).
   Int+2:     It affects your intelligence (+2).
   rCorr:     It protects you from acid and corrosion.
Missiles
 t - 11 throwing nets
 K - 10 curare-tipped darts (quivered)
Armour
 A - +0 steam dragon scales
 H - a +3 troll leather armour {nodragon}
 L - the +3 hat of Pondering {ponderous, Will+ MP+10 Int+5}
   (You took it off Gastronok on level 11 of the Dungeon)

   Int+5:     It affects your intelligence (+5).
   Will+:     It increases your willpower.
   MP+10:     It affects your magic capacity (+10).
 P - a +2 pair of boots (worn)
 S - a +2 cloak of willpower (worn)
 T - a +2 helmet of see invisible (worn)
 U - a +2 pair of gloves (worn)
 V - the +2 robe "Xery" (worn) {rPois rF++, nodragon}
   (You found it on level 4 of the Shoals)

   rF++:      It greatly protects you from fire.
   rPois:     It protects you from poison
 Y - the +3 ring mail "Xebuis" {rPois Str+3 SInv}
   (You found it on level 1 of the Shoals)

   Str+3:     It affects your strength (+3).
   rPois:     It protects you from poison SInv: It lets you see invisible.
Jewellery
 d - a ring of protection from fire
 i - the amulet of the Four Winds {rN+ Will+++ Clar}
   (You took it off a deep elf master archer on level 3 of the Elven Halls)

   [amulet of nothing]

   rN+:       It protects you from negative energy.
   Will+++:   It greatly increases your willpower.
   Clar:      It protects you from confusion, rage, mesmerisation and fear.
 k - a +6 ring of dexterity (right hand)
 m - a ring of resist corrosion
 p - a ring of protection from cold
 v - a ring of willpower
 D - a +6 ring of dexterity (left hand)
 F - the ring "Daproyla" {rElec rN+ Dex+4}
   (You found it on level 3 of the Crypt)

   [ring of positive energy]

   Dex+4:     It affects your dexterity (+4).
   rElec:     It insulates you from electricity.
   rN+:       It protects you from negative energy.
 G - the amulet of Solumn {+Inv rC- Regen+ Str+5}
   (You found it on level 3 of the Crypt)

   [amulet of regeneration]

   Str+5:     It affects your strength (+5).
   rC-:       It makes you vulnerable to cold.
   +Inv:      It lets you turn invisible.
   Regen+:    It increases your rate of health regeneration.
 Q - a ring of see invisible
 X - an amulet of regeneration (around neck)
Wands
 b - a wand of paralysis (26)
 j - a wand of digging (19)
 E - a wand of iceblast (25)
 M - a wand of light (30)
Scrolls
 c - 12 scrolls of fog
 g - 2 scrolls of silence {!r}
 h - 27 scrolls of teleportation
 q - 2 scrolls of vulnerability
 u - 7 scrolls of poison
 w - a scroll of revelation
 x - 8 scrolls of blinking
 y - 3 scrolls of enchant armour
 N - 6 scrolls of immolation
 Z - 8 scrolls of fear
Potions
 e - 10 potions of haste {7 for trove}
 f - 21 potions of curing
 l - 10 potions of brilliance
 n - 7 potions of magic
 o - 11 potions of might
 r - 3 potions of cancellation
 s - 13 potions of heal wounds
 z - 7 potions of enlightenment
 B - 11 potions of ambrosia
 C - 5 potions of berserk rage {!q}
 I - 5 potions of invisibility
 O - 4 potions of resistance
 R - a potion of mutation {!q}
Miscellaneous
 J - a lightning rod (4/4)


Message History

You kill the great orb of eyes!
Okawaru accepts your kill.
You shoot a bolt. The bolt misses the Orb Guardian.
You shoot a bolt.
The bolt completely misses the Orb Guardian.
You shoot a bolt.
The bolt closely misses the Orb Guardian.
The Orb Guardian closely misses you. x2
You shoot a bolt.
The bolt pierces through the Orb Guardian!!!!
You kill the Orb Guardian!
Okawaru accepts your kill.
No target in view!
No target in view!
(D) Dungeon (T) Temple (L) Lair (A) Shoals (P) Snake Pit (M) Slime Pits (O) Orcish Mines (E) Elven Halls (V) Vaults (C) Crypt (W) Tomb (U) Depths (H) Hell (Z) Zot
Where to? (Tab/Enter - D:5 @ (x,y), ? - help)
There is a stone staircase leading up here.
You climb upwards.
There is a stone staircase leading down here.
There is a stone staircase leading up, spattered with blood here.
You climb upwards.
There is a stone staircase leading down here.
You see here a +0 short sword.
There is a stone staircase leading up here.
You climb upwards.
There is a stone staircase leading down here.
There is a stone staircase leading up here.
You feel yourself speed up.
You climb upwards.
There is a stone staircase leading down here.
Aiming: Dig
Press: ? - help, Shift-Dir - straight line, f - you Please select a direction to dig.
This square is covered in magical glow.
The rock shatters into small pieces.
There is a staircase leading out of the dungeon here.
You have escaped!

.........'............'..........
.........#########....####.#....#
.........# #....# #.######
..######## ###### #....# # ..#
############# ####.# ..#
###...........### #.### ..#
###...###...###...### #.... ..#
##...####.....####...####### ..#
##..#####...@...#####..## #
..###..## ##.........## ##..## #
####..## ##...........## ##..## #
##..## ##......#......## ##..###
#..## ##......###......## ##..#
##.## ##......## ##......## ##.##
#..# ##......## ##......## #..#
#.####......## ##......####.#
#..........## ##...........


There were no monsters in sight!

Vanquished Creatures
  2 dread liches
  Khufu (Crypt:2)
  An ancient lich (Depths:3)
  An orb of fire (Zot:3)
  Mennas (Crypt:2)
  A juggernaut (Depths:4)
  Boris (Crypt:3)
  Sojobo (Vaults:5)
  4 royal mummies
  Josephina (Crypt:3)
  Bai Suzhen (Shoals:3)
  Parghit (Depths:4)
  2 curse toes
  Saint Roka (Crypt:3)
  Frederick (Vaults:2)
  3 Killer Klowns
  7 golden dragons
  6 caustic shrikes
  Nikola (Shoals:3)
  Jory (Crypt:2)
  A bone dragon (Crypt:3)
  A profane servitor (Crypt:3)
  A Brimstone Fiend (D:10)
  3 doom hounds (Depths:4)
  Jorgrun (D:12)
  An Ice Fiend (D:13)
  A walking crystal tome (Depths:3)
  Rupert (D:12)
  10 tentacled monstrosities
  Grunn (Depths:4)
  3 Orb Guardians
  2 deep elf blademasters (Elf:3)
  Asterion (Vaults:1)
  A walking divine tome (Depths:3)
  3 liches
  4 titans (Vaults:5)
  The ghost of Woitib the Devastator, an adept GrFE of Vehumet (Vaults:4)
  An Executioner (Zot:3)
  3 quicksilver dragons
  2 deep elf master archers (Elf:3)
  Gastronok (D:11)
  5 ancient champions
  4 sphinxes
  9 tengu reavers
  3 death cobs
  The ghost of SkeletonJelly the Executioner, an adept DsCK of Xom (Shoals:4)
  4 shadow dragons
  Donald (Crypt:2)
  Ilsuiw (Shoals:4)
  7 storm dragons
  4 draconian monks
  3 revenants
  The ghost of Godd the Metamorph, an adept MfSh of Trog (Shoals:1)
  11 fire giants
  The ghost of wildpjah the Severer, a journeyman MiFi of Qazlal (Elf:2)
  3 draconian knights
  7 nagarajas
  A daeva (Depths:3)
  6 frost giants
  A curse skull (Crypt:2)
  4 draconian scorchers
  An iron dragon (Depths:3)
  2 deep elf elementalists (Elf:3)
  5 deep elf sorcerers (Elf:3)
  19 vault wardens
  4 draconian stormcallers
  6 ghouls
  4 orc warlords
  2 cacodemons
  18 ironbound preservers
  18 very ugly things
  17 stone giants
  A draconian shifter (Zot:1)
  2 war gargoyles
  A spriggan defender (Depths:2)
  A demonspawn corrupter (D:15)
  4 draconian annihilators
  A formless jellyfish (Vaults:2)
  4 ironbound thunderhulks
  9 deep elf annihilators
  7 vampire knights
  3 black draconians
  5 deep elf demonologists
  A lorocyproca (Depths:2)
  5 white draconians
  4 yellow draconians
  2 dire elephants (Vaults:3)
  11 spark wasps
  2 green draconians
  6 purple draconians
  6 red draconians
  6 fire dragons
  12 ettins
  4 deep elf death magi
  A green death (Depths:1)
  3 blizzard demons
  13 merfolk impalers
  An eidolon (Crypt:2)
  A quicksilver dragon zombie (Depths:2)
  2 mummy priests (Crypt:3)
  2 crystal guardians
  10 yaktaur captains
  7 great orbs of eyes
  7 merfolk javelineers (Shoals:4)
  An entropy weaver (Vaults:4)
  11 jiangshi (Crypt:3)
  4 deep elf high priests
  33 vault guards
  2 peacekeepers
  4 hydras
  2 ogre magi
  2 caustic shrike simulacra
  3 salamander tyrants
  3 rakshasas
  Harold (Lair:1)
  A spriggan skeleton (Depths:2)
  7 ice dragons
  9 anacondas
  9 death knights
  A catoblepas (Lair:4)
  5 merfolk avatars
  An alligator snapping turtle (Shoals:2)
  8 merfolk aquamancers
  3 deep troll shamans
  7 tengu warriors
  12 ironbound frosthearts
  2 two-headed ogres (shapeshifter)
  9 two-headed ogres
  11 centaur warriors
  5 deep troll earth magi
  19 death yaks
  12 naga warriors
  7 boulder beetles
  4 satyrs
  11 orc high priests
  2 spriggan berserkers (Depths:2)
  26 dancing weapons
  4 thrashing horrors (Lair:5)
  8 naga sharpshooters
  3 vampire magi
  6 shock serpents
  3 soul eaters (Depths:1)
  A sun demon (Depths:1)
  2 sixfirhies
  Amaemon (D:10)
  3 iron trolls
  3 skysharks
  2 titan skeletons
  35 skeletal warriors
  16 deep elf knights
  2 golden dragon zombies
  15 hell knights
  A sea snake (shapeshifter) (Vaults:1)
  3 salamander mystics
  2 shadow demons
  13 flayed ghosts
  18 sea snakes
  An iron giant skeleton (Crypt:2)
  5 shadow wraiths (Crypt:3)
  66 deep trolls
  11 phantasmal warriors
  2 glowing orange brains
  13 wizards
  9 lindwurms
  24 harpies
  13 deep elf archers
  39 deep elf zephyrmancers
  2 orange crystal statues
  4 naga ritualists
  An obsidian statue (Depths:1)
  9 necromancers
  A golden dragon skeleton (Vaults:3)
  3 bog bodies
  23 ironbound convokers
  A tengu zombie (Vaults:1)
  68 ugly things
  13 orc knights
  A spriggan simulacrum (Crypt:3)
  8 mana vipers
  An anaconda skeleton (Crypt:2)
  A wolf spider zombie (Crypt:1)
  37 deep elf pyromancers
  18 manticores
  9 fauns (Shoals:1)
  2 frost giant zombies
  7 cyclopes
  22 salamanders
  2 frost giant skeletons
  26 vault sentinels
  2 orc sorcerers (Orc:1)
  22 black mambas
  10 elephants
  11 moths of wrath
  13 merfolk sirens
  A titan simulacrum (Crypt:3)
  7 water nymphs
  A gargoyle (D:12)
  Maurice (D:12)
  3 human skeletons
  A moth of wrath (shapeshifter) (D:9)
  A black mamba (shapeshifter) (Lair:5)
  An orange demon (D:10)
  3 guardian serpents
  2 rust devils (Depths:2)
  15 cane toads
  4 smoke demons
  19 naga magi
  An unseen horror (D:11)
  3 kobold demonologists (D:10)
  A yellow draconian zombie (Crypt:1)
  40 yaktaurs
  A yaktaur zombie (Vaults:1)
  2 spriggan zombies
  9 rime drakes
  2 efreet
  4 freezing wraiths
  2 ice devils (Depths:2)
  10 komodo dragons
  A catoblepas skeleton (Crypt:2)
  3 tengu conjurers
  A hellion (Depths:1)
  7 guardian mummies (Crypt:3)
  A queen bee (Lair:5)
  An elf skeleton (Vaults:1)
  16 polar bears
  2 red devils
  A hornet (Depths:2)
  A hydra skeleton (Crypt:1)
  9 meliai
  6 trolls
  A wind drake (shapeshifter) (D:15)
  10 wind drakes
  4 raiju
  44 merfolk
  Grinder (D:4)
  A hornet (shapeshifter) (Elf:2)
  A raiju (shapeshifter) (Lair:5)
  31 blink frogs
  13 snapping turtles
  3 dream sheep (Shoals:3)
  A human simulacrum (Vaults:3)
  34 slime creatures
  A stone giant simulacrum (Depths:2)
  3 spriggans
  A spriggan (shapeshifter) (Lair:5)
  A frost giant simulacrum (Vaults:1)
  A satyr zombie (Crypt:2)
  Sigmund (D:5)
  49 flying skulls (Crypt:3)
  3 air elementals
  3 shadows
  3 ynoxinuls
  A wyvern (shapeshifter) (D:9)
  2 dire elephant simulacra (Crypt:3)
  33 water elementals
  10 wraiths
  42 yaks
  2 fire elementals
  A basilisk (shapeshifter) (Elf:1)
  8 basilisks
  3 wyverns
  4 steam dragons
  A neqoxec (Depths:2)
  3 redbacks (Vaults:4)
  10 vampire mosquitoes
  A chaos spawn (Depths:1)
  6 large abominations
  55 nagas
  9 wargs
  A swamp worm (shapeshifter) (Vaults:5)
  2 acid dragons
  Duvessa (D:5)
  2 harpy simulacra (Crypt:3)
  15 small abominations
  A floating eye (Depths:2)
  14 water moccasins
  A glowing shapeshifter skeleton (Depths:2)
  20 orc warriors
  5 black bears
  2 ice beasts
  2 sky beasts
  An elephant zombie (Crypt:1)
  3 wolves (Lair:1)
  12 ogres
  11 centaurs
  A manticore skeleton (Crypt:2)
  2 phantoms
  A vine stalker zombie (Crypt:2)
  Blork the orc (D:4)
  A fire crab zombie (Crypt:2)
  4 kobold brigands
  2 earth elementals (Elf:1)
  9 bullfrogs
  2 gnoll sergeants
  5 necrophages
  3 scorpions
  9 wights
  A water moccasin skeleton (Crypt:1)
  Dowan (D:5)
  27 killer bees
  A shapeshifter skeleton (Crypt:2)
  3 electric eels
  4 howler monkeys
  5 centaur zombies
  4 human zombies
  3 hounds
  35 orc priests
  2 sleepcaps
  Ijyb (D:3)
  Terence (D:2)
  7 iguanas
  15 orc wizards
  3 mummies (Ossuary)
  2 hound zombies
  Robin (D:4)
  8 adders
  8 gnolls
  A swamp drake skeleton (Crypt:2)
  A white imp (D:5)
  3 ufetubi
  7 adder zombies (Ossuary)
  An iguana skeleton (Crypt:1)
  4 worms
  4 dart slugs
  86 orcs
  4 bats
  10 endoplasms
  A giant cockroach (D:2)
  2 gnoll zombies (Ossuary)
  14 goblins
  12 hobgoblins
  3 jackals (D:1)
  7 quokkas
  6 ball pythons
  3 frilled lizards (D:1)
  3 goblin zombies
  3 hobgoblin zombies (Ossuary)
  A jackal zombie (Ossuary)
  32 kobolds
  5 kobold zombies (Ossuary)
  4 orc zombies (Ossuary)
  2 quokka zombies (Ossuary)
  4 rats
  6 rat zombies
  A lurking horror (Lair:5)
2355 creatures vanquished.

Vanquished Creatures (others)
  A flying skull (Crypt:3)
1 creature vanquished.

Grand Total: 2356 creatures vanquished

Notes
Turn   | Place    | Note
-------+----------+-------------------------------------------
     0 | D:1      | elliptic the Barachi Venom Mage began the quest for the
                  | Orb.
     0 | D:1      | Reached XP level 1. HP: 13/13 MP: 3/3
   272 | D:1      | Reached XP level 2. HP: 19/19 MP: 0/5
   275 | D:1      | Learned a level 2 spell: Poisonous Vapours
   466 | D:1      | Found Texa's Weapon Boutique.
   562 | D:1      | Reached skill level 1 in Air Magic
   897 | D:1      | Got a fusty book
   985 | D:1      | Found a faded altar of an unknown god.
   989 | D:1      | Reached XP level 3. HP: 24/24 MP: 3/6
  1692 | D:1      | Found a faded altar of an unknown god.
  2012 | D:1      | Found Texa's Weapon Boutique.
  2451 | D:2      | Reached skill level 1 in Conjurations
  2451 | D:2      | Reached XP level 4. HP: 30/30 MP: 1/7
  2533 | D:2      | Noticed Terence
  2817 | D:1      | Learned a level 3 spell: Mephitic Cloud
  2853 | D:2      | okay I guess I will do the casty thing?
  2854 | D:2      | eh
  3437 | D:2      | Killed Terence
  3438 | D:2      | Reached skill level 3 in Spellcasting
  3438 | D:2      | Reached XP level 5. HP: 35/35 MP: 1/9
  4067 | D:3      | Reached skill level 3 in Air Magic
  4817 | D:3      | Reached XP level 6. HP: 40/41 MP: 3/10
  5189 | D:3      | Noticed Ijyb
  5215 | D:3      | Killed Ijyb
  5645 | D:4      | Noticed Blork the orc
  5645 | D:4      | Noticed Grinder
  6047 | D:4      | Noticed Robin
  6170 | D:4      | Killed Robin
  6551 | D:4      | Noticed a black bear
  6561 | D:4      | Killed a black bear
  6562 | D:4      | Reached skill level 6 in Air Magic
  6562 | D:4      | Reached XP level 7. HP: 46/46 MP: 3/11
  6816 | D:4      | hm
  6839 | D:4      | Killed Blork the orc
  6920 | D:4      | Learned a level 4 spell: Airstrike
  6995 | D:5      | Entered Level 5 of the Dungeon
  6995 | D:5      | Found a staircase to the Ecumenical Temple.
  7096 | D:5      | Identified the +10 flail of the Spider Nest {vamp, rElec
                  | rPois rN++ Dex-2}
  7098 | D:5      | uh
  7107 | D:5      | Noticed Sigmund
  7109 | D:5      | hi
  7114 | D:5      | Killed Sigmund
  7119 | Temple   | Entered the Ecumenical Temple
  7120 | Temple   | Upgraded the game from 0.31-a0-818-ge7c7cf74f0 to
                  | 0.31-a0-819-gf6de2f5ab6
  7125 | Temple   | Became a worshipper of Warmaster Okawaru
  7167 | D:5      | Found a transporter.
  7174 | D:5      | Reached skill level 1 in Fighting
  7225 | D:5      | Found Peeppud's Magic Scroll Shop.
  7226 | D:5      | Found a transporter.
  7234 | D:5      | Bought a scroll of blinking for 90 gold pieces
  7243 | D:5      | Reached XP level 8. HP: 57/57 MP: 5/12
  7328 | D:5      | okay
  7356 | D:5      | Reached skill level 1 in Ranged Weapons
  7384 | D:5      | Bought a scroll of teleportation for 36 gold pieces
  7425 | D:5      | Reached skill level 3 in Fighting
  7508 | D:5      | hm
  7517 | D:5      | Reached skill level 3 in Ranged Weapons
  7524 | D:5      | Reached * piety under Okawaru
  7610 | D:5      | Noticed Duvessa
  8177 | D:6      | Reached skill level 6 in Fighting
  8177 | D:6      | Reached XP level 9. HP: 69/69 MP: 2/13
  8301 | D:6      | Found a shimmering blue altar of Sif Muna.
  8403 | D:6      | hi
  8435 | D:6      | Found a white marble altar of Elyvilon.
  8537 | D:6      | uh
  8546 | D:7      | sigh
  8589 | D:7      | Reached skill level 3 in Dodging
  8593 | D:7      | Reached ** piety under Okawaru
  8741 | D:7      | Found a sand-covered staircase.
  8760 | Ossuary  | Entered an ossuary
  9027 | Ossuary  | Reached skill level 6 in Ranged Weapons
 10103 | D:8      | Reached XP level 10. HP: 71/80 MP: 9/14
 10428 | D:8      | Reached *** piety under Okawaru
 10778 | D:8      | Reached skill level 9 in Ranged Weapons
 11025 | D:9      | Noticed a two-headed ogre
 11026 | D:9      | hm
 11044 | D:9      | sigh
 11052 | D:9      | Killed a two-headed ogre
 11052 | D:9      | Reached **** piety under Okawaru
 11168 | D:9      | Learned a level 3 spell: Swiftness
 11230 | D:9      | Noticed a death yak
 11231 | D:9      | sigh
 11249 | D:9      | Noticed a death yak
 11288 | D:10     | Entered Level 10 of the Dungeon
 11329 | D:10     | Found a corrupted altar of Lugonu.
 11329 | D:10     | Noticed a kobold demonologist
 11330 | D:10     | Noticed a kobold demonologist
 11330 | D:10     | Noticed a kobold demonologist
 11417 | D:10     | Killed a kobold demonologist
 11426 | D:10     | Killed a kobold demonologist
 11426 | D:10     | Reached ***** piety under Okawaru
 11436 | D:10     | Noticed a soul eater
 11436 | D:10     | Noticed a soul eater
 11440 | D:10     | Killed a kobold demonologist
 11441 | D:10     | Reached skill level 9 in Fighting
 11441 | D:10     | Reached XP level 11. HP: 50/89 MP: 10/15
 11607 | D:10     | hi
 11698 | D:10     | Noticed Amaemon
 11699 | D:10     | hi
 11727 | D:10     | what
 11740 | D:10     | Reached skill level 3 in Invocations
 11780 | D:10     | Killed Amaemon
 12416 | D:11     | Noticed a two-headed ogre
 12424 | D:11     | Killed a two-headed ogre
 12736 | D:11     | Noticed a cyclops
 12755 | D:11     | Killed a cyclops
 12756 | D:11     | Reached skill level 12 in Ranged Weapons
 12780 | D:11     | Noticed a boulder beetle
 12792 | D:11     | Killed a boulder beetle
 12792 | D:11     | Received a gift from Okawaru
 12896 | D:11     | Noticed a boulder beetle
 12912 | D:11     | Noticed a two-headed ogre
 12913 | D:11     | sigh
 13081 | D:11     | Noticed Gastronok
 13082 | D:11     | hi
 13228 | D:11     | sigh
 13255 | D:11     | hm
 13261 | D:11     | Killed a boulder beetle
 13368 | D:11     | Found a staircase to the Orcish Mines.
 13731 | D:9      | Noticed a death yak
 13732 | D:9      | Noticed a death yak
 13733 | D:9      | hm
 13733 | D:9      | Noticed a death yak
 13735 | D:9      | Noticed a death yak
 13736 | D:9      | Noticed a death yak
 13747 | D:9      | Killed a death yak
 13747 | D:9      | Received a gift from Okawaru
 13748 | D:9      | Killed a death yak
 13756 | D:9      | Killed a death yak
 13757 | D:9      | Reached XP level 12. HP: 97/97 MP: 3/16
 13764 | D:9      | Killed a death yak
 13772 | D:9      | Killed a death yak
 13773 | D:9      | Killed a death yak
 13788 | D:9      | Killed a death yak
 13813 | D:9      | Found a staircase to the Lair.
 13839 | D:9      | Noticed a boulder beetle
 13840 | D:9      | Noticed a boulder beetle
 13840 | D:9      | what
 13865 | D:9      | Noticed a two-headed ogre
 13868 | D:9      | hm
 13874 | D:9      | Killed a two-headed ogre
 13877 | D:9      | Noticed a tengu warrior
 13879 | D:9      | Noticed a boulder beetle
 13881 | D:9      | Killed a tengu warrior
 13887 | D:9      | Killed a boulder beetle
 13910 | D:9      | why
 13921 | D:9      | eh
 13922 | Lair:1   | Entered Level 1 of the Lair of Beasts
 14004 | Lair:1   | Noticed Harold
 14011 | Lair:1   | Killed Harold
 14011 | Lair:1   | Reached ****** piety under Okawaru
 14012 | Lair:1   | Acquired the +11 triple crossbow "Xeek" {penet, rCorr Str+2
                  | Int+2}
 14012 | Lair:1   | Received a gift from Okawaru
 14015 | Lair:1   | Acquired the scarf of Xecih {repulsion, Int+2}
 14015 | Lair:1   | Received a gift from Okawaru
 14061 | Lair:1   | Reached skill level 6 in Invocations
 14062 | Lair:1   | Received a gift from Okawaru
 14118 | Lair:1   | Gained mutation: You have sharp toenails. [potion of
                  | mutation]
 14118 | Lair:1   | Gained mutation: Your skin changes colour to match your
                  | surroundings (Stealth+). [potion of mutation]
 14344 | Lair:1   | Gained mutation: You can hop long distances. [Barachi
                  | growth]
 14344 | Lair:1   | Reached XP level 13. HP: 83/106 MP: 19/19
 14978 | Lair:2   | Reached skill level 15 in Ranged Weapons
 15078 | Lair:2   | Received a gift from Okawaru
 15110 | Lair:2   | Reached skill level 12 in Fighting
 15161 | Lair:2   | Lost mutation: Your skin changes colour to match your
                  | surroundings (Stealth+). [potion of mutation]
 15161 | Lair:2   | Lost mutation: You have sharp toenails. [potion of
                  | mutation]
 15161 | Lair:2   | Gained mutation: Potions are less effective at restoring
                  | your health. [potion of mutation]
 15161 | Lair:2   | Gained mutation: Your system is resistant to poisons.
                  | (rPois) [potion of mutation]
 15162 | Lair:2   | eh
 15162 | Lair:2   | Lost mutation: Potions are less effective at restoring your
                  | health. [potion of mutation]
 15162 | Lair:2   | Lost mutation: Your system is resistant to poisons. (rPois)
                  | [potion of mutation]
 15162 | Lair:2   | Gained mutation: You occasionally lose the ability to read
                  | scrolls when taking damage. [potion of mutation]
 15162 | Lair:2   | Gained mutation: You are robust. (+10% HP) [potion of
                  | mutation]
 15162 | Lair:2   | Gained mutation: Your spells are a little harder to cast,
                  | but a little more powerful. [potion of mutation]
 15162 | Lair:2   | Gained mutation: Your muscles are strong. (Str +4, Int/Dex
                  | -1) [potion of mutation]
 15163 | Lair:2   | meh
 15163 | Lair:2   | I'll keep it for now I guess, hop helps a bit
 15218 | Lair:2   | Reached skill level 6 in Dodging
 15269 | Lair:2   | Found a staircase to the Shoals.
 15293 | Lair:2   | Identified the +0 rapier "Kojecsic" {freeze, rF+ SInv}
 15753 | Lair:3   | hi
 16063 | Lair:3   | Reached skill level 1 in Armour
 16073 | Lair:3   | Found a staircase to the Snake Pit.
 16138 | Lair:3   | Reached skill level 3 in Armour
 16138 | Lair:3   | Received a gift from Okawaru
 16143 | Lair:3   | Reached skill level 6 in Armour
 16353 | Lair:4   | Noticed Sonja
 16354 | Lair:4   | Sonja changed into Sonja the raiju
 16354 | Lair:4   | Noticed Sonja
 16356 | Lair:4   | Killed Sonja the raiju
 16525 | Lair:4   | Reached XP level 14. HP: 116/126 MP: 20/20
 16623 | Lair:4   | Found a staircase to the Slime Pits.
 16674 | Lair:4   | Received a gift from Okawaru
 16696 | Lair:4   | Noticed Nessos
 16703 | Lair:4   | Nessos changed into Nessos the polar bear
 16703 | Lair:4   | Noticed Nessos
 16705 | Lair:4   | Killed Nessos the polar bear
 17223 | Lair:5   | Entered Level 5 of the Lair of Beasts
 17401 | Lair:5   | Received a gift from Okawaru
 17761 | Lair:5   | Found a corrupted altar of Lugonu.
 17816 | Lair:5   | Found a one-way gate to the infinite horrors of the Abyss.
 18220 | Lair:5   | Received a gift from Okawaru
 18251 | Lair:5   | Identified the +6 rapier "Sojitef" {venom, rN+}
 18269 | Lair:5   | Reached skill level 9 in Dodging
 18293 | Lair:5   | Reached XP level 15. HP: 135/135 MP: 21/21
 18297 | Lair:5   | Found a corrupted altar of Lugonu.
 18951 | D:9      | Found an opulent altar of Gozag.
 18952 | D:9      | Found a broken altar of Ashenzari.
 18957 | D:9      | Found a sacrificial altar of Ru.
 18959 | D:9      | Found a radiant altar of Vehumet.
 18963 | D:9      | Found a blossoming altar of Fedhas.
 19216 | D:5      | Noticed Dowan
 19217 | D:5      | Killed Dowan
 19218 | D:5      | Killed Duvessa
 19343 | D:4      | Killed Grinder
 19557 | D:11     | Killed Gastronok
 19624 | D:12     | Noticed Rupert
 19633 | D:12     | Killed Rupert
 19633 | D:12     | Received a gift from Okawaru
 19654 | D:12     | Noticed Jorgrun
 19666 | D:12     | Killed Jorgrun
 19948 | D:12     | Noticed Maurice
 19951 | D:12     | Killed Maurice
 20316 | Orc:1    | Entered Level 1 of the Orcish Mines
 20346 | Orc:1    | hi
 20547 | Orc:2    | Entered Level 2 of the Orcish Mines
 20680 | Orc:2    | Reached skill level 18 in Ranged Weapons
 20718 | Orc:2    | Received a gift from Okawaru
 20793 | Orc:2    | Found Arphexzi's Weapon Shoppe.
 20793 | Orc:2    | Found Poesmowu's Antique Armour Boutique.
 20863 | Orc:2    | Found a staircase to the Elven Halls.
 21029 | Orc:2    | Found Tinic's Magic Scroll Shoppe.
 21029 | Orc:2    | Found Vinauff's General Store.
 21034 | Orc:2    | Bought a scroll of teleportation for 30 gold pieces
 21560 | D:13     | Found a gate to the Vaults.
 21797 | D:13     | Found an ornate altar of the Wu Jian Council.
 21907 | D:13     | Reached skill level 12 in Dodging
 22027 | D:13     | Received a gift from Okawaru
 22732 | D:14     | Found Fuos's Armour Emporium.
 22742 | D:14     | Bought a +0 pair of gloves of stealth for 184 gold pieces
 22938 | D:14     | Reached XP level 16. HP: 146/146 MP: 22/22
 23350 | D:15     | Entered Level 15 of the Dungeon
 23375 | D:15     | Received a gift from Okawaru
 23783 | D:15     | Found a staircase to the Depths.
 24139 | D:15     | Received a gift from Okawaru
 24607 | D:15     | Found a hazy altar of Hepliaklqana.
 24833 | Orc:2    | Bought a scroll of enchant armour for 75 gold pieces
 24996 | Shoals:1 | Entered Level 1 of the Shoals
 25010 | Shoals:1 | Reached skill level 15 in Fighting
 25013 | Shoals:1 | Reached skill level 9 in Armour
 25131 | Shoals:1 | Reached skill level 9 in Invocations
 25138 | Shoals:1 | Found a frozen archway.
 25155 | Shoals:1 | Received a gift from Okawaru
 25233 | IceCv    | Entered an ice cave
 25406 | IceCv    | Reached XP level 17. HP: 156/156 MP: 20/24
 25544 | IceCv    | Reached XP level 18. HP: 163/163 MP: 25/25
 25742 | IceCv    | hi
 25993 | Shoals:1 | Received a gift from Okawaru
 26076 | Shoals:1 | Found a runed translucent door.
 26076 | Shoals:1 | Noticed Godd's ghost (adept MfSh)
 26690 | Shoals:1 | Killed Godd's ghost
 26692 | Shoals:1 | Identified the +3 ring mail "Xebuis" {rPois Str+3 SInv}
 26779 | Shoals:2 | Identified the +5 sling "Aschaul" {drain, rN+}
 27062 | Shoals:2 | Received a gift from Okawaru
 27135 | Shoals:2 | Found Vivvikhu's Antique Armour Emporium.
 27733 | Shoals:3 | Noticed Nikola
 27734 | Shoals:3 | hi
 27734 | Shoals:3 | sigh
 27752 | Shoals:3 | Killed Nikola
 27753 | Shoals:3 | okay
 27908 | Shoals:3 | Reached skill level 21 in Ranged Weapons
 28062 | Shoals:3 | Noticed Bai Suzhen
 28076 | Shoals:3 | Killed Bai Suzhen
 28130 | Shoals:3 | Found Vaell's General Store.
 28141 | Shoals:3 | Bought a scroll of acquirement for 832 gold pieces
 28141 | Shoals:3 | Bought a scroll of teleportation for 48 gold pieces
 28141 | Shoals:3 | Acquired 598 gold pieces
 28404 | Shoals:4 | Entered Level 4 of the Shoals
 28404 | Shoals:4 | Noticed Ilsuiw
 28507 | Shoals:4 | Received a gift from Okawaru
 28537 | Shoals:4 | Killed Ilsuiw
 28640 | Shoals:4 | Found a runed translucent door.
 28642 | Shoals:4 | Noticed SkeletonJelly's ghost (adept DsCK)
 28643 | Shoals:4 | Identified the +2 robe "Xery" {rPois rF++}
 28684 | Shoals:4 | Reached XP level 19. HP: 172/174 MP: 18/26
 28689 | Shoals:4 | Reached skill level 15 in Dodging
 28702 | Shoals:4 | Got a barnacled rune of Zot
 28771 | Shoals:4 | Identified the +11 war axe "Iziciafo" {spect, rF+}
 29284 | Shoals:4 | Received a gift from Okawaru
 29607 | Shoals:4 | Killed SkeletonJelly's ghost
 29796 | Snake:1  | Entered Level 1 of the Snake Pit
 29803 | Snake:1  | Reached skill level 18 in Fighting
 31432 | Snake:3  | Found Vetoocupt's Jewellery Shop.
 31562 | Snake:3  | Received a gift from Okawaru
 31695 | Snake:3  | Reached XP level 20. HP: 187/187 MP: 27/27
 31946 | Snake:4  | Entered Level 4 of the Snake Pit
 31988 | Snake:4  | Found a transporter.
 32011 | Snake:4  | Found a transporter.
 32079 | Snake:4  | Found a transporter.
 32080 | Snake:4  | Found a transporter.
 32161 | Snake:4  | Found a transporter.
 32167 | Snake:4  | Found a transporter.
 32238 | Snake:4  | Received a gift from Okawaru
 32513 | Snake:4  | Acquired 881 gold pieces
 32517 | Snake:4  | Received a gift from Okawaru
 32668 | Snake:4  | Got a serpentine rune of Zot
 33003 | Elf:1    | Entered Level 1 of the Elven Halls
 33090 | Elf:1    | Found Faxtyes's Book Emporium.
 33092 | Elf:1    | Found Vyqod's Jewellery Shop.
 33092 | Elf:1    | Found Yggyirim's Jewellery Shop.
 33180 | Elf:1    | Reached skill level 12 in Invocations
 33288 | Elf:1    | Received a gift from Okawaru
 33999 | Elf:2    | Reached skill level 24 in Ranged Weapons
 34024 | Elf:2    | Received a gift from Okawaru
 34037 | Elf:2    | Reached XP level 21. HP: 194/194 MP: 30/30
 34144 | Elf:2    | Found Ycuo's Weapon Boutique.
 34174 | Elf:2    | Paralysed by an air elemental for 1 turns
 34271 | Elf:2    | Noticed wildpjah's ghost (journeyman MiFi)
 34441 | Elf:2    | Found a runed translucent door.
 34567 | Elf:2    | Found a runed translucent gate.
 34567 | Elf:2    | Found a runed translucent gate.
 34567 | Elf:2    | Found a runed translucent gate.
 34698 | Elf:2    | Received a gift from Okawaru
 35035 | Elf:2    | Killed wildpjah's ghost
 35063 | Elf:3    | Entered Level 3 of the Elven Halls
 35064 | Elf:3    | Found Xiyska's Distillery.
 35083 | Elf:3    | Bought a potion of heal wounds for 75 gold pieces
 35097 | Elf:3    | Lost mutation: Your spells are a little harder to cast, but
                  | a little more powerful. [potion of mutation]
 35097 | Elf:3    | Lost mutation: You are robust. (+10% HP) [potion of
                  | mutation]
 35097 | Elf:3    | Lost mutation: Your muscles are strong. (Str +4, Int/Dex
                  | -1) [potion of mutation]
 35097 | Elf:3    | Gained mutation: You are partially covered in iridescent
                  | scales. (AC +2) [potion of mutation]
 35098 | Elf:3    | Bought a potion of mutation for 120 gold pieces
 35098 | Elf:3    | Lost mutation: You are partially covered in iridescent
                  | scales. (AC +2) [potion of mutation]
 35098 | Elf:3    | Lost mutation: You occasionally lose the ability to read
                  | scrolls when taking damage. [potion of mutation]
 35098 | Elf:3    | Gained mutation: Your mind is acute. (Int +4, Str/Dex -1)
                  | [potion of mutation]
 35098 | Elf:3    | Gained mutation: You passively dampen the noise of your
                  | surroundings. [potion of mutation]
 35099 | Elf:3    | fine
 35106 | Elf:3    | Identified the +1 robe of Romihilol {*Corrode rPois Int+2
                  | Dex+3}
 35610 | Elf:3    | Identified the +1 robe "Ene Goac" {Contam rC++ rN+}
 35923 | Elf:3    | Received a gift from Okawaru
 36034 | Elf:3    | Identified the ring "Ozeoffag" {AC+4 Str+3 Int+3}
 36106 | Elf:3    | Received a gift from Okawaru
 36149 | Elf:3    | Identified the staff "Z" {rF+ rN+ Necro}
 36163 | Elf:3    | Identified the +4 chain mail "Wukhlogg" {Will+ Str+3}
 36173 | Elf:3    | Identified the +8 chain mail of Emnieps {Drain rF++ Regen+
                  | Stlth+}
 36235 | Elf:3    | Identified the +4 halberd of Dithmenos, Hammering {flame,
                  | Drain rPois rN+ Will+++ Dex+3}
 36260 | Elf:3    | Identified the +4 mace of the Pits of Slime {flame, Will+}
 36263 | Elf:3    | Identified the staff of Dividends {rElec rF+ Will+ Dex+3
                  | Stlth+ Air}
 36448 | Vaults:1 | Entered Level 1 of the Vaults
 36768 | Vaults:1 | Reached XP level 22. HP: 187/187 MP: 31/31
 36822 | Vaults:2 | Noticed Frederick
 36825 | Vaults:2 | oh
 36831 | Vaults:2 | Killed Frederick
 36896 | Vaults:2 | Received a gift from Okawaru
 37286 | Vaults:1 | Noticed Asterion
 37290 | Vaults:1 | Killed Asterion
 37796 | Vaults:2 | Received a gift from Okawaru
 38345 | Vaults:2 | Reached skill level 18 in Dodging
 38398 | Vaults:2 | Identified the +8 broad axe of Contention {vamp, rPois rF+
                  | Will-}
 38429 | Vaults:2 | Found a staircase to the Crypt.
 38429 | Vaults:2 | Found an ancient bone altar of Kikubaaqudgha.
 38429 | Vaults:2 | Found a basalt altar of Yredelemnul.
 38692 | Vaults:3 | Received a gift from Okawaru
 38860 | Vaults:3 | Identified the +0 robe of the Monk {+Inv rElec Slay+3}
 38954 | Vaults:3 | Identified the +0 plate armour "Hitzoar" {rF- Str+6 Dex+3}
 39149 | Vaults:3 | Received a gift from Okawaru
 39150 | Vaults:3 | Reached skill level 21 in Fighting
 39150 | Vaults:3 | Reached XP level 23. HP: 198/200 MP: 32/32
 39654 | Vaults:4 | Found a portal to a secret trove of treasure.
 39787 | Vaults:4 | Received a gift from Okawaru
 40144 | Vaults:4 | Found a runed translucent door.
 40145 | Vaults:4 | Noticed Woitib's ghost (adept GrFE)
 40513 | Vaults:4 | Killed Woitib's ghost
 40513 | Vaults:4 | Received a gift from Okawaru
 40527 | Vaults:4 | Identified the -2 pair of boots of Indecent Exposure {rCorr
                  | Str+5 Int-4}
 40654 | Crypt:1  | Entered Level 1 of the Crypt
 41391 | Crypt:2  | Received a gift from Okawaru
 41626 | Crypt:2  | Reached skill level 21 in Dodging
 41698 | Crypt:2  | Noticed Mennas
 41705 | Crypt:2  | Reached XP level 24. HP: 184/214 MP: 32/32
 41709 | Crypt:2  | Killed Mennas
 41805 | Crypt:1  | Found a basalt altar of Yredelemnul.
 41844 | Crypt:2  | Noticed Donald
 41846 | Crypt:2  | Killed Donald
 41866 | Crypt:2  | Noticed Khufu
 41866 | Crypt:2  | Noticed a royal mummy
 41867 | Crypt:2  | Noticed a royal mummy
 41873 | Crypt:2  | Killed a royal mummy
 41876 | Crypt:2  | Noticed a royal mummy
 41877 | Crypt:2  | Killed Khufu
 41877 | Crypt:2  | Killed a royal mummy
 41877 | Crypt:2  | Received a gift from Okawaru
 41883 | Crypt:2  | Killed a royal mummy
 41994 | Crypt:2  | Noticed Jory
 42009 | Crypt:2  | Killed Jory
 42141 | Crypt:3  | Entered Level 3 of the Crypt
 42144 | Crypt:3  | Noticed Saint Roka
 42154 | Crypt:3  | Killed Saint Roka
 42454 | Crypt:3  | Reached skill level 24 in Fighting
 42494 | Crypt:3  | Found a basalt altar of Yredelemnul.
 42509 | Crypt:3  | Received a gift from Okawaru
 42688 | Crypt:3  | Identified the ring "Daproyla" {rElec rN+ Dex+4}
 42688 | Crypt:3  | Identified the amulet of Solumn {+Inv rC- Regen+ Str+5}
 42688 | Crypt:3  | Identified the ring of the Three Hosts {rN+ Str+3 Int+7
                  | Dex-5 Stlth+}
 42736 | Crypt:3  | Noticed Boris
 42756 | Crypt:3  | Killed Boris
 42825 | Crypt:3  | Identified the ring "Bully" {Ice Dex+3}
 42825 | Crypt:3  | Noticed Josephina
 42829 | Crypt:3  | Killed Josephina
 42829 | Crypt:3  | Received a gift from Okawaru
 42980 | Crypt:3  | Identified the ring "Votic" {EV+5 Int+6}
 43074 | Crypt:3  | Found a staircase to the Tomb.
 43074 | Crypt:3  | Noticed a royal mummy
 43077 | Crypt:3  | Killed a royal mummy
 43090 | Crypt:3  | Identified the +11 mace of Itrar {protect, Fly}
 43113 | Crypt:3  | Identified the +7 mace of the Final Chapter {freeze, Contam
                  | Fly Str+2}
 43536 | Depths:1 | Entered Level 1 of the Depths
 43662 | Depths:1 | Reached XP level 25. HP: 226/230 MP: 28/32
 43681 | Depths:1 | Received a gift from Okawaru
 43694 | Depths:1 | Found a gateway to Hell.
 43874 | Depths:1 | Found a shadowy altar of Dithmenos.
 43899 | Depths:1 | Identified the +5 orcbow of Dithmenos's Anger {speed,
                  | Str+4}
 43996 | Depths:1 | Found Roti's Armour Emporium.
 44197 | Depths:1 | Reached skill level 27 in Fighting
 44368 | Depths:2 | Found a one-way gate leading to the halls of Pandemonium.
 44413 | Depths:2 | Received a gift from Okawaru
 44510 | Depths:2 | Reached skill level 12 in Armour
 45147 | Depths:2 | Found the +7 great mace "Firestarter" {flame, immolate,
                  | rFlCloud rF++}
 45154 | Depths:2 | Identified the +7 dagger of Focus {speed, rPois Will+
                  | Dex+3}
 45163 | Depths:2 | Received a gift from Okawaru
 45360 | Depths:3 | Reached skill level 15 in Armour
 45729 | Depths:3 | Noticed an ancient lich
 45734 | Depths:3 | Killed an ancient lich
 45786 | Depths:3 | Received a gift from Okawaru
 46082 | Depths:3 | Got a dusty book
 46152 | Depths:4 | Entered Level 4 of the Depths
 46167 | Depths:4 | Found a one-way gateway to a ziggurat.
 46219 | Depths:4 | Reached XP level 26. HP: 242/242 MP: 33/33
 46264 | Depths:4 | Noticed Grunn
 46271 | Depths:4 | Killed Grunn
 46283 | Depths:4 | Reached skill level 15 in Invocations
 46338 | Depths:4 | Noticed Parghit
 46363 | Depths:4 | Killed Parghit
 46363 | Depths:4 | Received a gift from Okawaru
 46411 | Depths:4 | Noticed a juggernaut
 46421 | Depths:4 | Killed a juggernaut
 46679 | Depths:4 | Found a gate to the Realm of Zot.
 47137 | Vaults:5 | Entered Level 5 of the Vaults
 47171 | Vaults:5 | Received a gift from Okawaru
 47384 | Vaults:5 | Reached skill level 24 in Dodging
 47384 | Vaults:5 | Noticed Sojobo
 47414 | Vaults:5 | Killed Sojobo
 47572 | Vaults:5 | Identified the ring of Yhinlalo {Wiz Int+4}
 47580 | Vaults:5 | Received a gift from Okawaru
 47655 | Vaults:5 | Got a silver rune of Zot
 47732 | Vaults:5 | Identified the +3 swamp dragon scales "Kyifyo" {rPois rC++}
 47801 | Vaults:5 | Reached XP level 27. HP: 246/249 MP: 34/34
 47852 | Vaults:5 | Noticed a dread lich
 47856 | Vaults:5 | Killed a dread lich
 47856 | Vaults:5 | Received a gift from Okawaru
 47954 | Vaults:5 | Got a worn book
 48041 | Vaults:5 | Identified the staff "Qibeucei" {Dex+3 Conj}
 48591 | Orc:2    | Bought a potion of invisibility for 136 gold pieces
 48600 | Orc:2    | Bought a scroll of revelation for 75 gold pieces
 48660 | Elf:3    | Bought a potion of curing for 45 gold pieces
 48660 | Elf:3    | Bought a potion of haste for 150 gold pieces
 48660 | Elf:3    | Bought a potion of magic for 120 gold pieces
 48660 | Elf:3    | Bought a potion of curing for 45 gold pieces
 48660 | Elf:3    | Bought a potion of mutation for 120 gold pieces
 48660 | Elf:3    | Bought a potion of enlightenment for 75 gold pieces
 49333 | Zot:1    | Entered Level 1 of the Realm of Zot
 49489 | Zot:2    | Noticed a dread lich
 49502 | Zot:1    | Killed a dread lich
 49517 | Zot:2    | fine
 49529 | Zot:2    | Received a gift from Okawaru
 49626 | Zot:3    | hi
 49704 | Zot:3    | Noticed an orb of fire
 49711 | Zot:3    | Killed an orb of fire
 49944 | Zot:5    | Entered Level 5 of the Realm of Zot
 49946 | Zot:5    | eh
 49970 | Zot:5    | Noticed an orb of fire
 49970 | Zot:5    | Noticed an ancient lich
 49970 | Zot:5    | Noticed an orb of fire
 49971 | Zot:5    | Noticed a dread lich
 49972 | Zot:5    | Noticed an electric golem
 49975 | Zot:5    | Got the Orb of Zot
 49977 | Zot:5    | hi
 50060 | Zot:2    | Reached skill level 27 in Dodging
 50105 | Depths:4 | Noticed Gezops the pandemonium lord
 50532 | D:$      | Escaped with the Orb!

Levels and vault maps discovered:
D:1:      dpeg_arrival_central, layout_basic, chequers_ecumenical_altar_island,
          serial_shops, shop
D:2:      layout_rooms, uniq_terence
D:3:      layout_basic, uniq_ijyb
D:4:      black_bear_nest_2, layout_rooms, uniq_blork_the_orc, uniq_grinder,
          uniq_robin
D:5:      layout_basic, minmay_temple_entry_mist, serial_shops,
          nicolae_shop_drivethru, minmay_fractal_squares_diagonal_5,
          uniq_sigmund, uniq_duvessa
D:6:      minmay_evil_eye, layout_rooms, mainiacjoe_overflow_chevrons,
          led_sif_pool, kennysheep_generic_room_11
D:7:      layout_basic, enter_ossuary_4, grunt_ministairs_10
D:8:      layout_basic, amcnicky_mini_corridor_feature,
          minmay_unpleasant_kobolds
D:9:      layout_loops_ring, minitemple, dpeg_lair_monsters, kennysheep_doodads,
          minivault_28
D:10:     kennysheep_kobold_lugonu_temple, layout_stronghold, uniq_amaemon
D:11:     layout_irregular_city, orc_0_dummy, minmay_crystal_water,
          uniq_gastronok
D:12:     layout_roguey, uniq_jorgrun, uniq_rupert, uniq_maurice
D:13:     layout_loops_cross, hellmonk_vaults_attempted_burglary,
          pdpol_wu_jian_five_deadly_venoms
D:14:     layout_loops_corners, serial_shops, shop, minivault_16, minivault_14,
          lightli_fourway_metalbox
D:15:     gammafunk_depths_entry_grave, layout_stronghold,
          nzn_hepliaklqana_mist_gate, chequers_serial_rivers_micro_d
Temple:   hellmonk_temple_two_chambers
Lair:1:   layout_chaotic_city, chequers_serial_rivers_small_b,
          infiniplex_staircase_pool, grunt_megastairs_3, uniq_harold
Lair:2:   layout_small_grid, minmay_shoals_entry_hut,
          infiniplex_staircase_pool_2
Lair:3:   layout_roguey, nicolae_snake_entry_squirm
Lair:4:   layout_cave_pods, slime_entry_1, uniq_nessos, uniq_sonja
Lair:5:   hellmonk_lair_end_abyssal_woods, layout_hall_layers, special_room
          [special_room_bee], amcnicky_altar_lugonu_corruption,
          grunt_megastairs_2
Shoals:1: layout_shoals, portal_ice_cave_entry_ugly_swarm, gammafunk_ghost_grave
Shoals:2: layout_shoals, serial_shops, nicolae_shop_behind_doors
Shoals:3: layout_shoals, serial_shops, nicolae_shop_getting_attention,
          uniq_nikola, uniq_bai_suzhen
Shoals:4: shoals_end_simple, layout_shoals, shoals_ilsuiw_ice,
          ebering_ghost_inner_flame
Snake:1:  layout_chambers, serial_bayou_shore_b, lemuel_fruit_tree
Snake:2:  layout_misc_corridors
Snake:3:  layout_misc_corridors, serial_shops, nicolae_shop_gaudy_bauble
Snake:4:  minmay_snake_end_coiled, layout_cave_shapes, serial_nicolae_subway,
          nicolae_sub_station_metal, nicolae_sub_station_stone,
          nicolae_sub_station_crystal
Orc:1:    layout_caves
Orc:2:    st_orc_town, layout_caves
Elf:1:    layout_geoelf_diagonals, kennysheep_underground_church,
          minmay_shop_grove
Elf:2:    nicolae_elf_blades_splatter_lattice
          [nicolae_blade_entry_sentries_behind_glass], layout_onion_city,
          hellmonk_ghost_happy_afterlife, serial_shops,
          nicolae_shop_bloodbath_and_beyond, grunt_ministairs_9, st_stairs_14,
          elves_outpost_lemuel
Elf:3:    elf_hall_gauntlet_wide, layout_geoelf_grid, serial_shops,
          nicolae_shop_real_fake_doors, dk_noncrumbling_4
Vaults:1: vaults_room_octagon, ontoclasm_vaults_idyll,
          nicolae_vaults_shipping_containers_7, nicolae_vaults_little_squares_5,
          grunt_vaults_hallway_long, nicolae_vaults_tetromino_L_2,
          vaults_mumra_minichess, nicolae_vaults_variable_pillar_hall,
          grunt_vaults_twisty, nicolae_vaults_trapezoid_lopsided_2,
          nicolae_vaults_double_plus_1, nicolae_vaults_diagonal_hallway_8,
          hangedman_vaults_hat, nicolae_vaults_storage_closets_2,
          nicolae_vaults_sesquioval_fish, ontoclasm_vaults_decontamination,
          nicolae_vaults_trapezoid_lopsided_1, hangedman_vaults_stream,
          layout_vaults_omnibox, uniq_asterion
Vaults:2: nicolae_vaults_little_squares_4, minmay_crypt_entry_necro_gods,
          ontoclasm_vaults_ring_large, vaults_room_corners,
          nicolae_vaults_shock_wave, v_rooms_3, nicolae_vaults_theta,
          serial_ice_b, nicolae_vaults_oval_intersection,
          nicolae_vaults_tetromino_L_2, hangedman_vaults_slice,
          layout_vaults_omnicross, uniq_frederick
Vaults:3: nicolae_vaults_more_shelving_1, vaults_room_fours,
          nicolae_vaults_little_squares_3, st_octagons_2,
          nicolae_vaults_ring_of_whatevers, v_misc_1, hangedman_vaults_trim,
          nicolae_vaults_offset_grid_hallway_2,
          nicolae_vaults_offset_grid_hallway_1, nicolae_vaults_tetromino_Z_1,
          nicolae_vaults_storage_closets_3, nicolae_vaults_little_squares_2,
          v_rooms_6, layout_vaults_maze
Vaults:4: hellmonk_ghost_big_iron, vaults_room_semicircle,
          nicolae_vaults_circle_grid_b, vaults_standard_mumra_x,
          nicolae_vaults_octothorpe, v_alt_pattern_6, grunt_vaults_focal,
          v_misc_8, nicolae_vaults_diagonal_hallway_6, grunt_vaults_swirl,
          v_rooms_1, nicolae_vaults_trapezoid_1, layout_vaults_ring,
          nicolae_trove_entry_free_sample
Vaults:5: serial_shops, uniq_sojobo
Crypt:1:  layout_regular_city, grunt_crypt_arrival_split, lemuel_upstairs_altar
Crypt:2:  layout_catacombs, uniq_khufu, uniq_mennas, uniq_jory, uniq_donald
Crypt:3:  grunt_crypt_end_deaths_head, uniq_josephina, uniq_saint_roka,
          uniq_boris
Depths:1: layout_basic, grunt_hell_entry_demonic_statue, serial_shops,
          nicolae_shop_stone, hangedman_abyss_entry_splay,
          minmay_misc_feat_diagonals, minmay_misc_feat_rugged, kennysheep_donut,
          minmay_misc_feat_roman, grunt_dithmenos_smoke_and_mirrors
Depths:2: kennysheep_demon_jail, layout_gridlike, hell_entry,
          chequers_big_river, pan_entry, hangedman_abyss_or_decor_stabs
Depths:3: minmay_broken_ring, layout_cave_pools, abyss_entry,
          nicolae_concentric_dashed_squares_wild, pf_coc_iceberg,
          infiniplex_staircase_zigzag_2
Depths:4: evilmike_zot_entry_basic, layout_cave_pools, enter_ziggurat_a,
          hell_entry, kennysheep_crisscross, abyss_entry, uniq_parghit,
          uniq_grunn
Zot:1:    layout_onion_interference
Zot:2:    ebering_klown_carousel, layout_onion
Zot:3:    layout_gridlike, gammafunk_ghost_cemetery
Zot:4:    layout_basic, st_small_dragon_hoard_3
Zot:5:    layout_misc_corridors, bh_zot_ikea_curve

Action                     |  1- 3 |  4- 6 |  7- 9 | 10-12 | 13-15 | 16-18 | 19-21 | 22-24 | 25-27 || total
---------------------------+-------+-------+-------+-------+-------+-------+-------+-------+-------++-------
  Melee: Dagger            |     2 |       |       |       |       |       |       |       |       ||     2
         Unarmed           |     2 |       |       |       |       |       |       |       |       ||     2
         Short sword       |     5 |     7 |       |       |       |       |       |       |       ||    12
         Dire flail        |       |       |     5 |       |       |       |       |       |       ||     5
         Flail             |       |       |   172 |    10 |       |       |       |       |       ||   182
         Punch             |       |       |     2 |       |       |       |       |       |       ||     2
   Fire: Longbow           |       |       |   135 |   377 |       |       |       |       |       ||   512
         Triple crossbow   |       |       |       |    50 |   826 |   704 |  1083 |  1130 |  1125 ||  4918
  Throw: Dart              |       |       |       |       |     6 |     2 |       |     1 |       ||     9
   Cast: Sting             |    76 |   102 |    38 |       |       |       |       |       |       ||   216
         Poisonous Vapours |     7 |    65 |    15 |     6 |       |       |       |       |       ||    93
         Mephitic Cloud    |       |       |    19 |    43 |       |       |       |       |       ||    62
         Airstrike         |       |       |     2 |       |       |       |       |       |       ||     2
 Invoke: Heroism           |       |       |       |     6 |     5 |     9 |     3 |     1 |     3 ||    27
         Finesse           |       |       |       |     2 |    10 |     7 |     6 |     8 |    11 ||    44
         Receive Weapon    |       |       |       |     1 |       |       |       |       |       ||     1
         Receive Armour    |       |       |       |     1 |       |       |       |       |       ||     1
Ability: Hop               |     1 |     7 |     3 |     9 |     7 |     9 |     3 |     1 |     5 ||    45
  Evoke: Wand              |       |       |       |    24 |     6 |       |       |       |     2 ||    32
    Use: Scroll            |       |     7 |     8 |     6 |     9 |     6 |     9 |     1 |    15 ||    61
         Potion            |       |       |       |     1 |     2 |     3 |     2 |       |     5 ||    13
   Stab: Sleeping          |       |     2 |     1 |       |       |       |       |       |       ||     3
         Confused          |       |       |     8 |       |       |       |       |       |       ||     8
 Armour: Robe              |    11 |     4 |       |       |       |       |       |       |    44 ||    59
         Leather armour    |       |    42 |    65 |       |       |       |       |       |       ||   107
         Steam dragon scal |       |       |   137 |    68 |       |       |       |       |       ||   205
         Troll leather arm |       |       |       |    46 |   284 |   173 |   160 |   167 |    90 ||   920
         Ring mail         |       |       |       |       |       |       |    91 |       |       ||    91
  Dodge: Dodged            |    27 |    30 |   181 |   122 |   417 |   245 |   482 |   471 |   310 ||  2285
         Repelled          |       |       |       |       |     1 |       |       |       |       ||     1
